 Dungeon Crawl Stone Soup version 0.20.1-1-g8b1a95d (webtiles) character file.

133 stebl the Grave Robber (level 4, 7/36 HPs)
             Began as a Deep Dwarf Necromancer on July 23, 2017.
             Quit the game on level 2 of the Dungeon.
             The game lasted 00:15:37 (2514 turns).

stebl the Grave Robber (Deep Dwarf Necromancer)     Turns: 2514, Time: 00:15:37

Health: 7/36       AC:  2    Str: 13    XL:     4   Next: 93%
Magic:  3/8        EV: 13    Int: 15    God:
Gold:   125        SH:  0    Dex: 13    Spells: 3/8 levels left

rFire    . . .     SeeInvis .   m - +0 hand axe
rCold    . . .     Gourm    .   (no shield)
rNeg     . . .     Faith    .   a - +0 robe
rPois    .         Spirit   .   (no helmet)
rElec    .         Reflect  .   (no cloak)
rCorr    .         Harm     .   (no gloves)
MR       .....                  (no boots)
Stlth    ++........             (no amulet)
Regen    0.0/turn               (no ring)
MPRegen  0.2/turn               (no ring)

@: non-regenerating
A: damage resistance, heal wounds, sense surroundings 1, no regeneration
a: Heal Wounds


You were on level 2 of the Dungeon.
You were very hungry.

You visited 1 branch of the dungeon, and saw 3 of its levels.

You collected 125 gold pieces.

Inventory:

Hand Weapons
 m - a +0 hand axe (weapon)
Missiles
 g - 34 stones
 r - 4 tomahawks of returning (quivered)
Armour
 a - a +0 robe (worn)
Jewellery
 p - a cursed ring of loudness {unknown}
Wands
 o - a wand of digging (12/24)
Scrolls
 e - 2 scrolls of teleportation {unknown}
 h - 2 scrolls of blinking {unknown}
 i - a scroll of random uselessness {unknown}
 j - 2 scrolls of magic mapping {unknown}
 n - a scroll of immolation {unknown}
 s - 4 scrolls of identify {unknown}
 t - 2 scrolls of amnesia {unknown}
 v - a scroll of remove curse {unknown}
Potions
 d - 2 potions of curing {unknown}
 f - 2 potions of degeneration {unknown}
 l - a potion of magic {unknown}
 q - a potion of cancellation {unknown}
Books
 b - a book of Necromancy

   Spells                             Type                      Level
   a - Pain                           Necromancy                   1
   b - Animate Skeleton               Necromancy                   1
   c - Vampiric Draining              Necromancy                   3
   d - Regeneration                   Charms/Necromancy            3
   e - Animate Dead                   Necromancy                   4
   f - Control Undead                 Necromancy                   4
Comestibles
 c - 2 bread rations {@e1}
 k - 4 meat rations {@e1}


   Skills:
 + Level 0.7(0.8) Axes
   Level 0.2(0.4) Maces & Flails
 + Level 2.4 Dodging
 + Level 2.9 Stealth
 + Level 2.9 Spellcasting
 + Level 5.6 Necromancy


You had 3 spell levels left.
You knew the following spells:

 Your Spells              Type           Power        Failure   Level  Hunger
a - Pain                  Necr           ###.         1%          1    #......
b - Animate Skeleton      Necr           N/A          1%          1    #......
c - Vampiric Draining     Necr           ###.......   6%          3    ###....


Dungeon Overview and Level Annotations

Branches:
Dungeon (3/15)

Altars:
Trog

Annotations:
D:3 Wiilli's ghost, amateur GrVM


Innate Abilities, Weirdness & Mutations

You are resistant to damage.
You can heal yourself by infusing magical energy.
You passively map a small area around you.
You do not regenerate.


Message History

You hit the worm.
The worm is severely wounded.
The worm bites you.
You hit the worm.
The worm is severely wounded.
The worm bites you.
You hit the worm.
The worm is almost dead.
You hit the worm but do no damage.
The worm is almost dead.
The worm bites you!
* * * LOW HITPOINT WARNING * * *
You slash the worm!
You kill the worm!
Unknown command.
Saving game... please wait.
Welcome back, stebl the Deep Dwarf Necromancer.
Press ? for a list of commands and other information.
There is a stone staircase leading down here.
Are you sure you want to abandon this character and quit the game? (Confirm with "yes".)

##.#
#.#....##..............#
#####..#
#......##.....)...##....
.....[##
####............<......#
......#
###.##....#......##..
......# #.......###.##.....
......# #.......# #.##.##..
......## #...##.####.##.####
#####..### ###..###.#
#..##...## ##...#
#...@###.###.........
#...####.##.##..##..###.....
#...........................
#...###..#......).......(...
#...# #.##....).<...###.....
##### #.##......##.## #.....
#.#.......##.# #.....
#.#.......##w# #.....
#.##......##.# ######


There were no monsters in sight!

Vanquished Creatures
  An orc wizard (D:3)
  Jessica (D:3)
  2 worms (D:2)
  6 dart slugs
  2 leopard geckos
  An orc (D:3)
  3 giant cockroaches
  5 goblins
  9 hobgoblins
  7 kobolds
  3 quokkas
  3 ball pythons
  7 bats
  2 frilled lizards
  3 rats
55 creatures vanquished.

Vanquished Creatures (collateral kills)
  2 goblins
2 creatures vanquished.

Grand Total: 57 creatures vanquished

Notes
Turn   | Place    | Note
-------+----------+-------------------------------------------
     0 | D:1      | stebl the Deep Dwarf Necromancer began the quest for the Orb.
     0 | D:1      | Reached XP level 1. HP: 15/15 MP: 3/3
    81 | D:1      | Learned a level 1 spell: Animate Skeleton
   269 | D:1      | Reached XP level 2. HP: 22/22 MP: 1/4
   636 | D:1      | Reached skill level 5 in Necromancy
   810 | D:1      | Reached XP level 3. HP: 28/28 MP: 0/6
   825 | D:1      | Learned a level 3 spell: Vampiric Draining
  1647 | D:3      | Noticed Wiilli's ghost (amateur GrVM)
  1849 | D:3      | Reached XP level 4. HP: 36/36 MP: 1/7
  1922 | D:3      | Noticed Jessica
  1942 | D:3      | Killed Jessica
  1995 | D:3      | Noticed a moth of wrath
  1998 | D:3      | Found a bloodstained altar of Trog.
  2514 | D:2      | Quit the game

Skill      XL: |  1  2 |
---------------+-------+-----
Necromancy     | 5 |  5.6
Spellcasting   | 2 |  2.9
Axes           | |  0.7
Maces & Flails | |  0.2
Dodging        | |  2.4
Stealth        | |  2.9

Action                   |  1- 3 |  4- 6 || total
-------------------------+-------+-------++-------
Melee: Mace              |     2 |       ||     2
       Hand axe          |    25 |    27 ||    52
Throw: Tomahawk          |     1 |     1 ||     2
 Cast: Pain              |    56 |    18 ||    74
       Animate Skeleton  |     8 |     1 ||     9
       Vampiric Draining |    14 |    12 ||    26
  Eat: Chunk             |     5 |     1 ||     6
       Royal jelly       |       |     1 ||     1
Armor: Robe              |     9 |     2 ||    11
Dodge: Dodged            |    35 |    13 ||    48
